Map: Heavy Artillery LE

Players

ibcrazed

  • Race: Terran Terran
  • Spawn Location: 7:00

Wolf

  • Race: Protoss Protoss
  • Spawn Location: 7:00

VOD

Have the link to the VOD?

Description

Time

  • Played on: Sept. 8, 2020, 9:09 p.m.
  • Length: 24:58
Show
View Real Time Build Order
Export as new Build Order

ibcrazed Terran 

Build Orders:  

Get SALT Encoding   

  12  0:15  Supply Depot  
  12  0:29  SCV  
  13  0:45  Refinery  
  13  0:46  SCV  
  14  1:30  Barracks  
  14  1:47  Supply Depot  
  14  1:58  SCV  
  15  2:00  Engineering Bay  
  15  2:19  Supply Depot  
  15  2:20  Refinery  
  15  2:23  SCV  
  16  2:40  SCV  
  17  2:55  Barracks  
  17  3:24  Barracks Tech Lab  
  17  3:46  Supply Depot  
  17  3:54  Marauder  
  19  4:20  Orbital Command  
  19  4:24  Marauder  
  21  4:31  Barracks Tech Lab  
  21  5:16  Marauder  
  23  5:27  Terran Infantry Weapons Level 1  
  23  5:32  SCV  
  24  5:46  Marauder  
  24  5:49  SCV  
  27  6:08  SCV  
  28  6:20  Marauder x2  
  28  6:25  SCV  
  33  6:42  SCV  
  34  7:01  SCV  
  35  7:17  SCV  
  36  7:21  Marauder  
  36  7:23  Marine  
  39  7:34  SCV  
  40  7:48  Marine  
  41  7:51  Marauder, SCV  
  41  7:55  Factory  
  44  8:07  Terran Infantry Armor Level 1  
  40  8:43  Marauder  
  40  8:46  Marauder  
  32  9:13  Marauder  
  32  9:16  Marauder  
  36  9:27  Factory Tech Lab  
  36  9:43  Marauder  
  36  9:45  Factory  
  36  9:46  Marauder  
  40  10:13  Marauder  
  40  10:16  Marauder  
  44  10:25  Armory  
  44  10:43  Marauder  
  46  10:56  Marauder  
  48  11:02  Supply Depot  
  48  11:26  Siege Tank, Marauder  
  53  11:31  Factory Tech Lab  
  53  11:34  Supply Depot  
  53  11:46  Marauder  
  55  11:56  Marauder  
  57  12:16  Command Center  
  57  12:26  Marauder  
  59  13:08  Siege Tank x2  
  65  13:16  Terran Vehicle Weapons Level 1  
  65  13:27  SCV  
  66  13:52  Supply Depot  
  66  13:53  Siege Tank x2  
  72  14:28  Supply Depot  
  19  15:25  Siege Tank  
  7  17:35  Refinery  
  7  17:40  Refinery  
  7  17:42  SCV  
  8  17:59  SCV  
  9  18:05  Orbital Command  
  9  18:16  SCV  
  10  18:32  SCV  
  9  18:49  SCV  
  10  18:50  Supply Depot  
  10  19:06  SCV  
  11  19:13  SCV  
  12  19:22  Supply Depot  
  12  19:23  SCV  
  13  19:30  SCV  
  14  19:40  SCV  
  14  19:46  Refinery  
  14  19:47  SCV  
  16  19:52  Supply Depot  
  16  19:57  SCV  
  17  20:04  SCV  
  18  20:14  SCV  
  18  20:17  Barracks  
  19  20:21  SCV  
  19  20:24  Supply Depot  
  20  20:38  SCV  
  21  20:48  Engineering Bay  
  21  20:54  Refinery  
  21  20:55  SCV  
  21  20:59  SCV  
  23  21:12  SCV  
  23  21:16  SCV  
  24  21:33  SCV  
  24  21:34  Factory  
  5  24:18  Refinery  
  6  24:26  Refinery  
Show
View Real Time Build Order
Export as new Build Order

Wolf Protoss 

Build Orders:  

Get SALT Encoding   

  12  0:09  Probe (Chrono Boost)  
  13  0:32  Pylon  
  13  0:41  Assimilator  
  13  0:45  Assimilator  
  13  0:58  Probe (Chrono Boost)  
  14  1:20  Gateway  
  14  1:29  Gateway  
  14  1:51  Pylon  
  14  1:58  Probe (Chrono Boost)  
  15  2:10  Probe (Chrono Boost)  
  16  2:23  Probe (Chrono Boost)  
  17  2:38  Forge  
  18  2:40  Probe (Chrono Boost)  
  18  2:57  Probe (Chrono Boost)  
  19  3:01  Zealot  
  19  3:02  Zealot  
  23  3:10  Probe (Chrono Boost)  
  24  3:22  Probe (Chrono Boost)  
  25  4:25  Zealot x2  
  25  5:40  Cybernetics Core  
  25  6:01  Zealot  
  25  6:02  Zealot  
  29  6:36  Pylon  
  29  6:41  Pylon  
  29  6:45  Pylon  
  29  6:50  Nexus  
  29  6:52  Zealot  
  31  7:01  Zealot  
  31  7:04  Assimilator  
  33  7:10  Assimilator  
  33  7:29  Zealot  
  37  8:02  Probe (Chrono Boost)  
  40  8:14  Probe (Chrono Boost)  
  40  8:16  Protoss Ground Weapons Level 1  
  41  8:21  Unknown  
  43  8:49  Stalker, Unknown  
  45  8:50  Warp Gate  
  43  9:03  Stalker, Unknown  
  45  9:31  Stalker  
  47  9:45  Stalker  
  49  10:44  Sentry x2  
  53  11:06  Probe (Chrono Boost)  
  54  11:16  Protoss Ground Armor Level 1  
  54  11:23  Probe (Chrono Boost)  
  54  11:29  Twilight Council  
  55  11:39  Probe (Chrono Boost)  
  56  11:44  Robotics Facility  
  56  11:49  Stargate  
  56  11:52  Stargate  
  56  11:56  Probe (Chrono Boost)  
  57  12:09  Shield Battery  
  57  12:13  Probe (Chrono Boost)  
  58  12:26  Pylon  
  58  13:06  Probe (Chrono Boost)  
  59  13:13  Observer  
  59  13:17  Void Ray  
  59  13:18  Void Ray  
  60  13:23  Probe (Chrono Boost)  
  69  13:39  Stalker x2  
  74  13:40  Probe (Chrono Boost)  
  74  13:57  Probe (Chrono Boost)  
  86  14:10  Protoss Air Weapons Level 1  
  75  14:13  Templar Archives  
  75  14:14  Probe (Chrono Boost)  
  75  14:16  Protoss Shields Level 1  
  76  14:24  Fleet Beacon  
  34  15:45  Blink  
  34  15:46  High Templar x2  
  34  16:22  Void Ray  
  34  16:23  Immortal  
  34  16:29  Phoenix  
  43  16:43  High Templar x2  
  45  16:56  Void Ray  
  3  18:19  Nexus  
  3  18:34  Assimilator  
  3  18:39  Assimilator  
  3  18:49  Pylon  
  3  19:33  Nexus  
  3  20:58  Nexus  
Tags
 
Add a new tag
Caveats
  • Supply blocks, unpowered buildings, or Contaminate may cause inaccurate times.
  • Supply counts are checked every 10 seconds.